Map: New Repugnancy LE

Players

JEROS - Winner!

  • Race: Terran Terran
  • Spawn Location: 1:00

hinO

  • Race: Zerg Zerg
  • Spawn Location: 7:00

Event: 2019 WCS Spring

VOD

Have the link to the VOD?

Description

Time

  • Played on: May 17, 2019, 2:37 p.m.
  • Length: 14:14

All games in this series

Show
View Real Time Build Order
Export as new Build Order

JEROS Terran - Winner!

Build Orders: Liberator Opening, Reaper Expand, Mech 

Get SALT Encoding   

  12  0:01  SCV  
  13  0:14  SCV  
  14  0:18  Supply Depot  
  14  0:26  SCV  
  15  0:40  SCV  
  15  0:41  Barracks  
  16  0:45  Refinery  
  16  0:52  SCV  
  17  1:04  SCV  
  18  1:16  SCV  
  19  1:28  Reaper  
  19  1:29  Orbital Command  
  20  1:44  Command Center  
  20  1:58  SCV  
  20  2:00  Marine  
  22  2:06  Supply Depot  
  22  2:10  SCV  
  22  2:13  Factory  
  23  2:23  Refinery  
  23  2:24  Barracks Reactor  
  23  2:25  SCV  
  22  2:37  SCV  
  23  2:50  SCV  
  21  2:59  Starport  
  21  3:02  SCV  
  22  3:06  Orbital Command  
  22  3:14  SCV  
  22  3:17  Hellion  
  25  3:23  Hellion  
  25  3:26  SCV  
  28  3:27  Liberator  
  28  3:33  Barracks Tech Lab  
  28  3:35  SCV  
  28  3:38  SCV  
  33  3:51  SCV x2  
  35  3:56  Hellion x2  
  39  4:03  Supply Depot  
  39  4:04  SCV x2  
  41  4:15  Liberator  
  41  4:16  SCV  
  42  4:19  SCV  
  42  4:22  Hellion  
  45  4:25  Supply Depot  
  45  4:28  SCV  
  46  4:31  SCV  
  50  4:40  SCV  
  50  4:43  SCV  
  52  4:46  Hellion  
  52  4:47  Hellion, Supply Depot  
  56  4:52  SCV  
  56  4:56  SCV  
  56  4:57  Supply Depot  
  58  5:05  SCV  
  59  5:08  SCV  
  59  5:10  Command Center, Supply Depot  
  60  5:19  SCV  
  60  5:20  SCV  
  62  5:21  Refinery x2  
  62  5:22  Armory  
  62  5:28  Siege Tank  
  62  5:31  SCV, Starport Tech Lab  
  66  5:41  SCV  
  67  5:43  SCV  
  65  5:53  SCV  
  65  5:55  SCV  
  58  6:00  Factory  
  50  6:05  SCV, Factory, Siege Tank  
  50  6:07  SCV  
  50  6:09  Starport Reactor  
  55  6:16  Barracks Tech Lab  
  55  6:17  SCV  
  56  6:19  Terran Vehicle And Ship Armor Level 1, SCV  
  56  6:24  Orbital Command  
  57  6:28  Engineering Bay  
  57  6:30  Supply Depot  
  57  6:31  SCV x2  
  57  6:32  Mag-Field Accelerator  
  59  6:37  Cyclone  
  62  6:43  SCV x2  
  62  6:45  Orbital Command  
  62  6:46  Hellion x2  
  68  6:49  Factory  
  68  6:52  Factory  
  68  6:53  Starport Reactor  
  68  6:55  SCV  
  68  6:56  SCV, Cyclone  
  73  7:03  Missile Turret, Refinery  
  73  7:04  Missile Turret  
  73  7:06  Refinery  
  73  7:07  SCV  
  73  7:08  SCV  
  75  7:11  SCV  
  75  7:13  Cyclone  
  79  7:15  Infernal Pre-Igniter  
  79  7:19  SCV  
  79  7:20  SCV  
  81  7:23  SCV  
  81  7:32  SCV x2  
  81  7:35  SCV, Missile Turret  
  81  7:36  Hellion x2, Cyclone  
  91  7:39  Cyclone  
  91  7:44  SCV x2  
  95  7:45  Hellion  
  95  7:47  SCV, Hellion, Cyclone  
  104  7:54  Supply Depot  
  104  7:55  Supply Depot  
  104  7:58  Supply Depot  
  104  8:08  Cyclone  
  104  8:11  Hellion  
  109  8:14  Terran Vehicle And Ship Armor Level 2  
  109  8:16  Hellion x2, Cyclone  
  109  8:17  Hellion  
  118  8:21  Supply Depot  
  118  8:22  Command Center, Supply Depot  
  118  8:28  Cyclone  
  118  8:34  Supply Depot  
  121  8:36  Hellion  
  121  8:40  Cyclone  
  126  8:45  Supply Depot  
  126  8:46  Supply Depot  
  126  8:48  Cyclone  
  129  8:52  Hellion x3  
  128  8:56  SCV x3  
  128  8:58  Hellion  
  128  9:00  Cyclone  
  136  9:07  Missile Turret  
  136  9:09  Supply Depot  
  135  9:10  Supply Depot  
  135  9:12  SCV x2, Cyclone, Factory  
  135  9:14  Factory  
  139  9:21  SCV  
  140  9:24  SCV x2  
  140  9:26  Hellion x4  
  150  9:40  Cyclone x2  
  150  9:44  Cyclone  
  159  9:48  SCV x3, Refinery  
  159  9:50  Refinery  
  166  9:53  Hellion x2  
  166  10:01  Missile Turret  
  166  10:12  Siege Tank x2, Factory Tech Lab x2  
  172  10:16  Siege Tank, Factory  
  172  10:17  Planetary Fortress  
  175  10:31  Terran Vehicle And Ship Armor Level 3  
  175  10:33  Armory  
  175  10:38  Missile Turret  
  175  10:41  Siege Tank  
  181  10:44  Siege Tank x2  
  181  10:49  Siege Tank  
  187  11:00  Factory Reactor  
  187  11:06  Factory Tech Lab  
  180  11:30  Siege Tank  
  180  11:31  Hellion x2, Siege Tank  
  180  11:32  Siege Tank  
  162  11:33  Siege Tank  
  162  11:42  Siege Tank  
  162  11:46  Supply Depot  
  162  11:47  Supply Depot, Terran Vehicle Weapons Level 1  
  157  11:48  Hellion, Command Center, Supply Depot  
  157  11:49  Hellion x3  
  161  11:54  SCV x2  
  161  11:55  SCV  
  161  11:57  SCV  
  163  12:03  Siege Tank  
  163  12:05  Siege Tank  
  163  12:06  SCV, Cyclone x2  
  163  12:08  Hellion x2  
  159  12:10  Hellion  
  159  12:14  Hellion x3, Cyclone  
  159  12:15  SCV x2  
  151  12:33  Hellion  
  151  12:34  Hellion x2  
  151  12:35  Cyclone  
  156  12:37  Cyclone  
  156  12:38  Cyclone x2, Liberator x2  
  165  12:44  Supply Depot  
  165  12:46  Cyclone  
  168  12:54  Hellion x3  
  180  13:03  Refinery  
  180  13:05  Missile Turret  
  170  13:06  Refinery  
  170  13:08  Cyclone  
  170  13:09  Cyclone  
  170  13:10  Cyclone x2  
  170  13:11  Hellion x2  
  178  13:15  SCV x2  
  178  13:18  Cyclone  
  180  13:30  Hellion x3  
  180  13:32  SCV x3  
  180  13:33  SCV  
  190  13:39  Hellion x2  
  190  13:40  Cyclone  
  189  13:41  Cyclone  
Show
View Real Time Build Order
Export as new Build Order

hinO Zerg 

Build Orders: Pool First 

Get SALT Encoding   

  12  0:00  Drone  
  13  0:13  Overlord  
  13  0:17  Drone  
  14  0:31  Drone x2  
  16  0:41  Spawning Pool  
  15  0:47  Drone  
  15  0:49  Drone  
  17  1:10  Hatchery  
  16  1:13  Drone  
  16  1:16  Extractor  
  16  1:28  Zergling x4  
  16  1:29  Zergling x2  
  19  1:34  Queen  
  19  1:39  Drone  
  22  1:52  Overlord  
  22  2:11  Drone  
  23  2:21  Queen  
  25  2:25  Drone x3  
  28  2:33  Metabolic Boost  
  28  2:36  Drone x2  
  30  2:42  Drone x3  
  32  2:45  Drone  
  32  2:47  Drone  
  32  3:03  Hatchery  
  31  3:06  Drone  
  31  3:09  Overlord  
  32  3:14  Queen  
  32  3:18  Zergling x4  
  36  3:28  Zergling x8  
  36  3:29  Zergling x2  
  41  3:34  Queen  
  41  3:41  Zergling x2  
  44  3:47  Overlord  
  44  3:56  Overlord  
  44  4:03  Overlord  
  44  4:04  Queen  
  44  4:07  Drone  
  44  4:08  Spore Crawler, Drone  
  44  4:09  Drone x4  
  51  4:16  Queen  
  53  4:17  Drone  
  53  4:21  Drone x2  
  53  4:23  Drone  
  57  4:30  Overlord  
  57  4:32  Drone x3  
  59  4:40  Queen, Zergling x2  
  59  4:41  Zergling x2  
  59  4:43  Drone  
  59  4:44  Drone  
  63  4:48  Queen  
  63  4:52  Queen  
  67  4:54  Drone  
  67  4:57  Overlord  
  67  4:58  Zergling x2  
  67  4:59  Zergling x2  
  70  5:00  Zergling x2  
  70  5:10  Drone x5  
  73  5:18  Drone x2  
  73  5:19  Drone x3  
  77  5:30  Zergling x6  
  77  5:33  Drone  
  81  5:40  Drone  
  81  5:47  Lair  
  79  5:50  Evolution Chamber  
  79  5:51  Evolution Chamber  
  79  5:55  Drone  
  79  5:56  Drone x8  
  76  5:59  Drone x2  
  76  6:01  Drone  
  76  6:02  Drone  
  79  6:05  Drone  
  80  6:14  Drone  
  81  6:21  Drone  
  81  6:28  Overlord x3  
  81  6:34  Hatchery, Extractor, Baneling Nest  
  81  6:35  Extractor x2  
  81  6:39  Drone  
  78  6:40  Drone x4  
  81  6:49  Drone x7  
  81  6:50  Spire  
  81  6:52  Zergling x2  
  88  6:58  Drone x3  
  88  7:00  Extractor  
  91  7:01  Drone x2  
  91  7:05  Extractor, Drone x4  
  94  7:10  Zerg Melee Weapons Level 1  
  94  7:11  Drone  
  94  7:13  Drone x2  
  97  7:16  Drone  
  97  7:17  Overlord  
  95  7:28  Roach Warren  
  93  7:30  Drone x3  
  93  7:31  Drone  
  93  7:36  Drone x3  
  100  7:39  Extractor, Drone x2  
  100  7:41  Extractor  
  100  7:50  Drone x4  
  104  7:53  Drone  
  104  7:57  Infestation Pit  
  104  8:02  Mutalisk x7  
  117  8:09  Roach  
  117  8:11  Overlord x3  
  119  8:13  Glial Reconstitution  
  119  8:17  Zerg Missile Weapons Level 1  
  119  8:18  Overlord x2  
  119  8:29  Overlord x3  
  119  8:31  Roach x8  
  135  8:35  Pathogen Glands  
  135  8:37  Roach x3  
  135  8:39  Roach  
  135  8:40  Roach  
  145  8:44  Roach x3  
  151  8:52  Burrow  
  149  8:57  Overlord  
  149  8:58  Overlord  
  149  9:00  Drone x2  
  149  9:02  Spine Crawler  
  150  9:04  Roach x5, Spine Crawler  
  150  9:06  Ravager x2  
  150  9:07  Ravager  
  162  9:12  Overlord  
  162  9:14  Roach x4  
  166  9:19  Zerg Ground Armor Level 1  
  166  9:22  Roach x4  
  170  9:29  Infestor  
  172  9:32  Ravager, Tunneling Claws  
  172  9:34  Overlord x2  
  172  9:36  Roach x3, Zergling x6  
  182  9:47  Drone  
  182  9:48  Infestor  
  182  9:51  Infestor  
  187  9:56  Infestor  
  187  9:57  Hatchery  
  187  9:58  Drone x2  
  190  10:00  Spine Crawler  
  190  10:01  Spine Crawler  
  190  10:02  Overlord x2  
  190  10:05  Ravager x2  
  190  10:07  Roach  
  190  10:08  Roach x2  
  190  10:10  Overlord x3  
  196  10:16  Overlord  
  196  10:17  Overlord x2  
  196  10:18  Zerg Missile Weapons Level 2  
  196  10:27  Infestor  
  198  10:33  Ravager x2  
  199  10:45  Ravager  
  199  10:46  Overlord x2  
  199  10:48  Overseer x2  
  197  11:12  Spine Crawler  
  197  11:13  Spine Crawler x2  
  197  11:14  Roach x2  
  195  11:23  Roach x3  
  199  11:29  Hatchery  
  189  11:36  Infestor x3  
  189  11:38  Roach x5  
  189  11:39  Roach  
  188  11:49  Roach x8  
  188  11:53  Zerg Ground Armor Level 2  
  188  11:54  Neural Parasite  
  198  11:55  Hive  
  194  12:06  Roach x4  
  127  12:16  Roach x25  
  168  12:23  Roach x3  
  168  12:28  Drone x2  
  168  12:29  Drone  
  150  12:36  Drone  
  150  12:37  Drone x6  
  151  12:47  Drone x4  
  151  12:49  Infestor x2  
  151  12:50  Roach x4  
  159  12:55  Drone x3  
  162  13:03  Mutalisk x4  
  164  13:10  Mutalisk x2  
  148  13:14  Drone x4  
  148  13:19  Drone x2  
  154  13:22  Extractor  
  154  13:26  Mutalisk x3  
  141  13:30  Mutalisk  
  137  13:39  Mutalisk x2  
  119  13:47  Mutalisk  
  122  13:50  Mutalisk  
  122  13:53  Roach x2  
  122  13:54  Zergling x16  
Tags
 
Add a new tag
Caveats
  • Supply blocks, unpowered buildings, or Contaminate may cause inaccurate times.
  • Supply counts are checked every 10 seconds.